 Dungeon Crawl Stone Soup version 0.27-a0-909-g0721f309d1 (webtiles) character file.

Game seed: 13743220198739750098

3371 polve the Fighter (level 9, -11/85 HPs)
             Began as a Pale Draconian Transmuter on Apr 8, 2021.
             Mangled by a hornet (12 damage)
             ... on level 9 of the Dungeon.
             The game lasted 00:08:35 (9803 turns).

polve the Fighter (Pale Draconian Transmuter)       Turns: 9803, Time: 00:08:35

Health: -11/85     AC:  8    Str: 14    XL:     9   Next: 73%
Magic:  12/12      EV: 12    Int: 22    God:
Gold:   329        SH:  0    Dex: 15    Spells: 3/12 levels left

rFire    . . .     SeeInvis .     - Unarmed
rCold    . . .     Faith    .   (no shield)
rNeg     + . .     Spirit   .   (armour unavailable)
rPois    +         Reflect  .   (helmet currently unavailable)
rElec    .         Harm     .   h - +0 cloak
rCorr    +         Rampage  .   (no gloves)
Will     .....                  (boots currently unavailable)
Stlth    +.........             t - amulet of the Equinox {RegenMP rPois rN+ Dex+4}
HPRegen  0.24/turn              c - +6 ring of intelligence
MPRegen  0.38/turn              m - ring of resist corrosion

@: appendages, slowed, very slow
A: horns 2, talons 2, breathe steam, AC +7, unfitting armour, cold-blooded,
steam resistance
a: Breathe Steam, End Transformation


You were on level 9 of the Dungeon.
You had temporarily grown beastly horns and talons.
You visited 1 branch of the dungeon, and saw 8 of its levels.

You collected 329 gold pieces.

Inventory:

Missiles
 b - a throwing net
 g - 7 atropa-tipped darts
Armour
 h - a +0 cloak (worn)
 D - a +0 pair of gloves
 E - a +0 pair of gloves
Jewellery
 c - a +6 ring of intelligence (left hand)
 m - a ring of resist corrosion (right hand)
 t - the amulet of the Equinox (around neck) {RegenMP rPois rN+ Dex+4}
   (You found it on level 5 of the Dungeon)

   [amulet of magic regeneration]

   It increases your rate of magic regeneration.
   It affects your dexterity (+4).
   It protects you from poison.
   It protects you from negative energy.
 x - a ring of protection from fire
 C - a ring of see invisible
Wands
 d - a wand of random effects (12)
 n - a wand of flame (18)
 o - a wand of charming (10)
 s - a wand of iceblast (27)
Scrolls
 a - a scroll of amnesia {unknown}
 e - 3 scrolls of immolation {unknown}
 f - 6 scrolls of teleportation {unknown}
 i - 2 scrolls of enchant weapon {unknown}
 j - 2 scrolls of fog {unknown}
 k - 4 scrolls of identify {unknown}
 l - a scroll of holy word {unknown}
 v - a scroll of noise {unknown}
 w - a scroll of torment {unknown}
 y - a scroll of blinking {unknown}
 F - a scroll of acquirement {unknown}
 G - a scroll of brand weapon {unknown}
Potions
 p - a potion of invisibility {unknown}
 q - a potion of cancellation
 r - a potion of brilliance {unknown}
 u - a potion of ambrosia {unknown}
 z - a potion of might
 A - a potion of curing
 B - a potion of attraction {unknown}


   Skills:
 - Level 10.0 Fighting
 - Level 1.7 Dodging
 - Level 10.0 Unarmed Combat
 - Level 2.0 Spellcasting
 + Level 4.8 Transmutations


You had 3 spell levels left.
You knew the following spells:

 Your Spells              Type           Power      Damage    Failure   Level
a - Beastly Appendage     Tmut           46%        N/A       1%          1
b - Wereblood             Tmut           23%        N/A       2%          2
c - Spider Form           Tmut/Pois      6%         N/A       16%         3
p - Passwall              Tmut/Erth      10%        N/A       8%          2
t - Apportation           Tloc           4%         N/A       14%         1

Your spell library contained the following spells:

 Spells                   Type           Power      Damage    Failure   Level
 Animate Skeleton         Necr           4%         N/A       14%         1
 Corona                   Hex            2%         N/A       14%         1
 Sandblast                Erth           4%         2d4       14%         1
 Summon Small Mammal      Summ           8%         N/A       14%         1
 Stone Arrow              Conj/Erth      4%         3d7       38%         3
 Ice Form                 Ice/Tmut       12%        N/A       45%         4
 Petrify                  Tmut/Erth      12%        N/A       45%         4
 Hydra Form               Tmut           11%        N/A       45%         5
 Lee's Rapid Deconstruct  Erth           1%         3d5*      98%         5


Dungeon Overview and Level Annotations

Branches:
Dungeon (7/15)                Orc (0/2) D:9
 Temple: D:4-7

Altars:
Wu Jian

Shops:
D:4 (


Innate Abilities, Weirdness & Mutations

You have temporarily grown beastly horns and talons.
You can breathe blasts of scalding, opaque steam.
Your pale cyan-grey scales are hard. (AC +7)
You cannot fit into any form of body armour.
You are cold-blooded and may be slowed by cold attacks.
You are immune to the effects of steam.


Message History

The hornet stings you! x2
You hit the hornet but do no damage. You headbutt the hornet.
The hornet is lightly wounded.
The hornet stings you but does no damage.
You punch the hornet! You claw the hornet. You headbutt the hornet.
The hornet is severely wounded.
The orc wizard casts a spell at itself.
The orc wizard flickers and vanishes!
Deactivating autopickup; reactivate with Ctrl-A.
The hornet closely misses you.
You closely miss the hornet. You claw the hornet.
Your headbutt misses the hornet.
The hornet is severely wounded.
The hornet stings you.
You feel yourself slow down. The orc hits you but does no damage.
You closely miss the hornet. Your kick misses the hornet.
The hornet is severely wounded.
You have got your breath back.
The hornet stings you!
You suddenly lose the ability to move!
The hornet barely misses you.
You can move again.
You hit the hornet. You claw the hornet.
The hornet is severely wounded.
You feel yourself speed up. The hornet stings you! The orc barely misses you.
The orc hits you with a +0 flail. The hornet stings you!
* * * LOW HITPOINT WARNING * * *
Something hits you.
* * * LOW HITPOINT WARNING * * *
The orc hits you but does no damage.
You hit the hornet. You claw the hornet, but do no damage.
The hornet is almost dead.
The hornet stings you!
* * * LOW HITPOINT WARNING * * *
You feel yourself slow down. The orc hits you but does no damage.
You feel better. The hornet stings you!!
* * * LOW HITPOINT WARNING * * *
Something hits you but does no damage. The orc hits you but does no damage.
The hornet stings you!
You die...

#..........#....#...
#..........##...#...
#.....##############
#.....# #...>.#
#.....# #.....#
+.....# #.o@..#
#).yo.# #.....#
......).........
................
.(...............
......<..........
.................
................


You could see a hornet and 2 orcs.

Vanquished Creatures
  6 yaks (D:9)
  2 water moccasins
  3 orc warriors
  A black bear (D:6)
  A sky beast (D:6)
  An ice beast (D:6)
  2 ogres (D:5)
  A centaur (D:6)
  A phantom (D:6)
  A bullfrog (D:6)
  3 scorpions
  A water moccasin skeleton (D:5)
  A wight (D:6)
  3 howler monkeys
  A bullfrog skeleton (D:5)
  A bullfrog zombie (D:6)
  An orc priest (D:3)
  A jelly (D:2)
  Crazy Yiuf (D:5)
  A centaur skeleton (D:6)
  A gnoll shaman (D:9)
  5 hounds
  2 iguanas
  Natasha (thrice) (D:3)
  6 orc wizards
  A killer bee zombie (D:9)
  A hound skeleton (D:4)
  Robin (D:3)
  6 gnolls
  A river rat (D:4)
  10 adders
  3 shadow imps
  6 worms
  6 dart slugs
  18 orcs
  7 ball pythons
  3 bats
  5 endoplasms
  2 giant cockroaches
  11 goblins
  14 hobgoblins
  9 jackals
  5 kobolds
  9 quokkas
  A frilled lizard (D:1)
  7 rats
176 creatures vanquished.

Notes
Turn   | Place    | Note
-------+----------+-------------------------------------------
     0 | D:1      | polve the Draconian Transmuter began the quest for the Orb.
     0 | D:1      | Reached XP level 1. HP: 16/16 MP: 3/3
   109 | D:1      | Reached XP level 2. HP: 6/24 MP: 3/5
   965 | D:1      | Reached XP level 3. HP: 28/30 MP: 6/6
  1467 | D:2      | Found a faded altar of an unknown god.
  1481 | D:2      | Reached XP level 4. HP: 21/38 MP: 7/7
  2524 | D:3      | Reached XP level 5. HP: 46/46 MP: 8/8
  2768 | D:3      | Noticed Natasha
  2780 | D:3      | HP: 2/46 [Natasha (8)]
  2781 | D:3      | Killed Natasha
  2990 | D:3      | Noticed Natasha
  2996 | D:3      | Killed Natasha
  2997 | D:3      | Reached skill level 5 in Unarmed Combat
  3298 | D:3      | Noticed Robin
  3700 | D:3      | Killed Robin
  3705 | D:3      | Reached XP level 6. HP: 21/53 MP: 9/9
  3949 | D:3      | Noticed Natasha
  3963 | D:3      | Killed Natasha
  4349 | D:4      | Reached skill level 5 in Fighting
  5192 | D:4      | Your scales start taking on a pale cyan-grey colour.
  5192 | D:4      | Reached XP level 7. HP: 57/62 MP: 10/10
  5192 | D:4      | Gained mutation: You are immune to the effects of steam.
                  | [Pale Draconian growth]
  5219 | D:4      | Found Hiyrukad's Weapon Boutique.
  5270 | D:4      | Learned a level 2 spell: Wereblood
  5272 | D:4      | Learned a level 1 spell: Apportation
  5276 | D:4      | Learned a level 3 spell: Spider Form
  5279 | D:4      | Learned a level 2 spell: Passwall
  5958 | D:5      | Entered Level 5 of the Dungeon
  6689 | D:5      | Identified the amulet of the Equinox {RegenMP rPois rN+
                  | Dex+4}
  6924 | D:5      | Found a runed translucent door.
  6925 | D:5      | Noticed Crazy Yiuf
  7240 | D:5      | Killed Crazy Yiuf
  7437 | D:6      | Reached XP level 8. HP: 63/73 MP: 11/11
  8517 | D:6      | Reached XP level 9. HP: 59/83 MP: 12/12
  8820 | D:7      | You fall into a shaft and drop 2 floors!
  8820 | D:9      | Found an ornate altar of the Wu Jian Council.
  8997 | D:9      | Reached skill level 10 in Fighting
  9011 | D:9      | Reached skill level 10 in Unarmed Combat
  9683 | D:9      | Found a staircase to the Orcish Mines.
  9800 | D:9      | Paralysed by a hornet for 1 turns
  9803 | D:9      | HP: 1/85 [hornet (18)]
  9803 | D:9      | Mangled by a hornet

Illustrated notes

Levels and vault maps discovered:
D:1:      lemuel_arrival_behind_the_door_large, layout_basic
D:2:      layout_rooms, ebering_ecumenical_altar_sacrificial
D:3:      layout_loops_cross, uniq_natasha, uniq_robin
D:4:      layout_gridville, gup_sewer_entry_spiral, serial_shops, shop
D:5:      layout_loops_ring, minmay_fractal_squares_5, uniq_crazy_yiuf_cottage
D:6:      layout_rooms, minmay_pentangle
D:7:      layout_basic, minmay_temple_entry_fiery, ebering_ghost_gozag,
          minivault_24, minmay_a_box_with_orc_wizards_in_it
D:9:      layout_gridville, marbit_many_paths, orc_0_dummy

Skill      XL: |  1  2  3  4  5  6  7  8  9 |
---------------+----------------------------+-----
Fighting       | 2 3 4 5 7 9 10 | 10.0
Unarmed Combat | 4 5 6 7 8 10 | 10.0
Transmutations | 4 |  4.8
Dodging        | |  1.7
Spellcasting   | |  2.0

Action                   |  1- 3 |  4- 6 |  7- 9 || total
-------------------------+-------+-------+-------++-------
Melee: Unarmed           |   131 |   232 |   233 ||   596
       Tailslap          |    14 |    29 |    29 ||    72
       Kick              |     4 |    16 |    23 ||    43
       Punch             |     1 |     2 |     7 ||    10
       Headbutt          |       |     8 |    14 ||    22
 Cast: Beastly Appendage |     3 |    11 |    11 ||    25
       Wereblood         |       |       |     1 ||     1
 Abil: Breathe Steam     |       |       |    31 ||    31
  Use: Potion            |       |     4 |     1 ||     5
 Stab: Sleeping          |       |     2 |       ||     2
Armor: Skin              |    22 |    69 |    63 ||   154
Dodge: Dodged            |    80 |   154 |   111 ||   345

Table legend: (Time is in decaauts)
 A = Elapsed time spent in this place.
 B = Non-inter-level travel time spent in this place.
 C = Inter-level travel time spent in this place.
 D = Time resting spent in this place.
 E = Time spent auto-exploring this place.
 F = Levels seen in this place.
 G = Mean time per level.
                   A        B        C        D        E       F      G
               +--------+--------+--------+--------+--------+-----+--------+
         Total |   9787 |   9537 |    250 |      0 |   8179 |   8 | 1223.4 |
       Dungeon |   9787 |   9537 |    250 |      0 |   8179 |   8 | 1223.4 |
               +--------+--------+--------+--------+--------+-----+--------+

Top non-repeatable levels by time:
     D:3: 1867 daAuts
     D:5: 1755 daAuts
     D:4: 1494 daAuts
     D:2: 1479 daAuts
     D:1: 1125 daAuts
     D:6: 1050 daAuts
     D:9: 972 daAuts
     D:7: 42 daAuts
